 Dungeon Crawl Stone Soup version 0.29.1-15-g9cfb28693d (webtiles) character file.

Game seed: 3002980036608309910

81 Heoruswealwe the Magician (level 4, -3/24 HPs)
             Began as a Deep Elf Earth Elementalist on Mar 20, 2023.
             Slain by Crazy Yiuf
             ... wielding a +4 quarterstaff of chaos
              (4 damage)
             ... on level 2 of the Dungeon.
             The game lasted 00:12:15 (1078 turns).

Heoruswealwe the Magician (DEEE)                    Turns: 1078, Time: 00:12:16

Health: -3/24      AC:  3    Str:  5    XL:     4   Next: 20%
Magic:  9/12       EV: 12    Int: 22    God:
Gold:   56         SH:  0    Dex: 15    Spells: 6/12 levels left

rFire   . . .      SeeInvis .   a - +0 long sword
rCold   . . .      Faith    .   (no shield)
rNeg    . . .      Spirit   .   b - +0 robe
rPois   .          Reflect  .   c - +0 helmet
rElec   .          Harm     .   (no cloak)
rCorr   .          Rampage  .   (no gloves)
Will    .....                   (no boots)
Stlth   ++........              (no amulet)
HPRegen 0.08/turn               (no ring)
MPRegen 0.13/turn               (no ring)

@: very slightly contaminated
A: no striking features
a: no special abilities


You were on level 2 of the Dungeon.
You visited 1 branch of the dungeon, and saw 2 of its levels.

You collected 56 gold pieces.

Inventory:

Hand Weapons
 a - a +0 long sword (weapon)
Armour
 b - a +0 robe (worn)
 c - a +0 helmet (worn)
 q - a +0 animal skin
 r - a +0 helmet
Scrolls
 d - 2 scrolls of teleportation
 e - a scroll of vulnerability {unknown}
 f - a scroll of enchant armour {unknown}
 g - a scroll of enchant weapon {unknown}
 j - a scroll of immolation {unknown}
 k - a scroll of amnesia {unknown}
 m - a scroll of torment {unknown}
 n - a scroll of identify {unknown}
 p - a scroll of silence {unknown}
Potions
 h - a potion of curing {unknown}
 i - 2 potions of mutation {unknown}
 l - a potion of lignification {unknown}
 o - a potion of haste {unknown}


   Skills:
 - Level 2.4 Dodging
 - Level 2.4 Stealth
 * Level 4.7 Spellcasting
 + Level 2.4 Transmutations
 + Level 4.0 Earth Magic


You had 6 spell levels left.
You knew the following spells:

 Your Spells              Type           Power      Damage    Failure   Level
a - Sandblast             Erth           44%        2d11      1%          1
b - Passwall              Tmut/Erth      15%        N/A       4%          2
c - Stone Arrow           Conj/Erth      28%        3d8       14%         3

Your spell library contained the following spells:

 Spells                   Type           Power      Damage    Failure   Level
 Petrify                  Tmut/Erth      19%        N/A       28%         4


Dungeon Overview and Level Annotations

Branches:
Dungeon (2/15)

Altars:

Annotations:
D:2 Crazy Yiuf


Message History

Things that are here:
a +0 dagger; a hobgoblin corpse; a goblin corpse
Things that are here:
a +0 dagger; a +0 short sword; a kobold corpse You see here a +0 scale mail.
You now have 56 gold pieces (gained 7).
Search for what [Enter for "."]? .
You open the door. You open the door. You hit the fungus.
The fungus begins to die.
The fungus is lightly damaged.
You hit the fungus.
The fungus is lightly damaged.
You hit the fungus but do no damage.
The fungus is lightly damaged.
You completely miss the fungus. You punch the fungus.
The fungus is lightly damaged.
A nearby fungus withers and dies.
Found a hammer.
Found a runed translucent door.
Crazy Yiuf shouts!
Crazy Yiuf whimpers, "Cholesterol spinner light!"
You open the door.
Okay, then.
The blast of sand hits Crazy Yiuf but does no damage.
Crazy Yiuf hits you with a +4 quarterstaff of chaos!
Ouch! That really hurt!
Crazy Yiuf freezes you.
You are too injured to fight recklessly!
Casting: Sandblast (safe; 1% risk of failure)
Confirm with . or Enter, or press ? or * to list all spells.
Aiming: Sandblast (safe; 1% risk of failure)
Press: ? - help, Shift-Dir - straight line, f/p - Crazy Yiuf
Aim: Crazy Yiuf, wielding a +4 quarterstaff of chaos and wearing a +2 cloak (85% to hit)
You miscast Sandblast.
You are very lightly contaminated with residual magic.
Nothing appears to happen.
Crazy Yiuf hits you with a +4 quarterstaff of chaos!
* * * LOW HITPOINT WARNING * * *
Crazy Yiuf burns you.
You die...

#.#
.###....#
...
#'..'# ..
♣....♣
♣...♣♣
♣♣.♣♣
♣.♣♣ ♣♣.♣
♣.♣♣ ♣♣@♣
#g# ...
#...#
#..)#
#####


You could see Crazy Yiuf.

Vanquished Creatures
  Robin (D:2)
  A worm (D:2)
  2 dart slugs (D:1)
  4 endoplasms (D:1)
  12 goblins
  7 hobgoblins
  10 jackals (D:1)
  3 kobolds
  A quokka (D:2)
  5 ball pythons (D:1)
  4 bats
  5 frilled lizards
  A rat (D:1)
56 creatures vanquished.

Vanquished Creatures (others)
  A fungus (D:2)
  10 plants (D:1)
11 creatures vanquished.

Grand Total: 67 creatures vanquished

Notes
Turn   | Place    | Note
-------+----------+-------------------------------------------
     0 | D:1      | Heoruswealwe the Deep Elf Earth Elementalist began the
                  | quest for the Orb.
     0 | D:1      | Reached XP level 1. HP: 10/10 MP: 6/6
   178 | D:1      | Reached XP level 2. HP: 15/15 MP: 4/8
   185 | D:1      | Learned a level 2 spell: Passwall
   384 | D:1      | Reached XP level 3. HP: 16/19 MP: 4/10
   519 | D:1      | Learned a level 3 spell: Stone Arrow
  1017 | D:2      | Noticed Robin
  1018 | D:2      | Reached XP level 4. HP: 20/24 MP: 6/12
  1021 | D:2      | Killed Robin
  1072 | D:2      | Found a runed translucent door.
  1073 | D:2      | Noticed Crazy Yiuf
  1078 | D:2      | HP: 1/24 [Crazy Yiuf/+4 quarterstaff of chaos (9)]
  1078 | D:2      | Slain by Crazy Yiuf

Illustrated notes

Levels and vault maps discovered:
D:1:      tarquinn_simple_flora_water_c, layout_loops_ring, minmay_cupped
D:2:      layout_rooms, shapermc_ecumenical_altar_mp_highgroup, uniq_robin,
          uniq_crazy_yiuf_cottage

Skill      XL: |  1  2  3  4 |
---------------+-------------+-----
Spellcasting   | 4 |  4.7
Transmutations | 2 |  2.4
Earth Magic    | 4 |  4.0
Dodging        | |  2.4
Stealth        | |  2.4

Action                   |  1- 3 |  4- 6 || total
-------------------------+-------+-------++-------
Melee: Unarmed           |    49 |       ||    49
       Punch             |     1 |     1 ||     2
       Long sword        |     1 |     4 ||     5
 Cast: Sandblast         |    71 |     4 ||    75
       Passwall          |     1 |       ||     1
  Use: Scroll            |     1 |       ||     1
       Potion            |     1 |       ||     1
Armor: Robe              |     4 |       ||     4
Dodge: Dodged            |    30 |       ||    30
